 Dungeon Crawl Stone Soup version 0.29.1-15-g9cfb28693d (webtiles) character file.

Game seed: 8941654794597794980

878 Sanktem7 the Trooper (level 7, -5/59 HPs)
             Began as a Minotaur Fighter on Mar 9, 2023.
             Was a Follower of Trog.
             Killed from afar by an acid dragon (16 damage)
             ... with a splash of acid
             ... on level 8 of the Dungeon.
             The game lasted 00:10:55 (4231 turns).

Sanktem7 the Trooper (Minotaur Fighter)             Turns: 4231, Time: 00:10:55

Health: -5/59      AC:  7    Str: 20    XL:     7   Next: 75%
Magic:  6/6        EV:  7    Int:  5    God:    Trog [*.....]
Gold:   183        SH:  4    Dex: 10    Spells: 6/6 levels left

rFire   . . .      SeeInvis .   a - +1 war axe {axe}
rCold   . . .      Faith    .   c - +0 buckler
rNeg    . . .      Spirit   .   h - +1 chain mail
rPois   .          Reflect  .   v - +1 hat
rElec   .          Harm     .   i - +2 cloak
rCorr   .          Rampage  .   (no gloves)
Will    +....                   (no boots)
Stlth   ..........              (no amulet)
HPRegen 0.19/turn               p - ring of willpower
MPRegen 0.10/turn               (no ring)

@: corroded
A: horns 2, retaliatory headbutt, frail 1, weak 1
a: Renounce Religion, Berserk


You were on level 8 of the Dungeon.
You worshipped Trog.
Trog was aware of your devotion.
You visited 1 branch of the dungeon, and saw 6 of its levels.
You also visited: Ossuary.

You collected 183 gold pieces.


Innate Abilities, Weirdness & Mutations

You have a pair of horns on your head.
You reflexively headbutt those who attack you in melee.
You are frail. (-10% HP)
You are weak. (Str -2)


   Skills:
 * Level 7.6 Fighting
 * Level 7.1 Axes
 + Level 5.9 Armour
 - Level 3.6 Shields


You had 6 spell levels left.
You didn't know any spells.
Your spell library was empty.

Inventory:

Hand Weapons
 a - a +1 war axe (weapon) {axe}
 t - a +3 mace {mace}
   (You took it off a wight in an ossuary)
Missiles
 e - 35 stones (quivered) {throwing}
 x - 5 poisoned darts {throwing}
 A - 4 boomerangs {throwing}
Armour
 c - a +0 buckler (worn)
 h - a +1 chain mail (worn)
   (You found it on level 1 of the Dungeon)
 i - a +2 cloak (worn)
   (You found it on level 1 of the Dungeon)
 v - a +1 hat (worn)
   (You found it on level 4 of the Dungeon)
Jewellery
 j - a ring of wizardry
   (You found it on level 4 of the Dungeon)
 p - a ring of willpower (left hand)
   (You found it on level 2 of the Dungeon)
Wands
 q - a wand of roots (12)
   (You found it in an ossuary)
 r - a wand of charming (6)
   (You found it in an ossuary)
 w - a wand of mindburst (9)
   (You found it on level 4 of the Dungeon)
Scrolls
 k - 2 scrolls of immolation {!r!r}
 l - 3 scrolls of vulnerability {!r!r}
 n - a scroll of enchant armour
 s - 2 scrolls of butterflies
 u - a scroll of poison {!r}
 y - a scroll of blinking {!r}
 z - a scroll of summoning
Potions
 b - a potion of lignification {unknown}
 d - a potion of might
 f - 2 potions of curing {@q1}
 g - 2 potions of haste {@q3}
 m - 6 potions of heal wounds {@q2}
 o - 2 potions of flight

Dungeon Overview and Level Annotations

Branches:
Dungeon (8/15) Zot: 26851  Temple (0/1) D:4         Ossuary (visited)
   Lair: D:8-11

Altars:
Elyvilon
Makhleb
Sif Muna
Trog

. .....#≈#.# ..
##....#≈#.# .#
...##......≈..# .
...........~..# .# #.
.............~. .#.S.
............######......
.)...[.........#.#......
.......###...........#
.......##..#.##@#..##
.........####SD# .#
..###..##..# #...
......†#...# #^###
...##..##.## ..
....#..#..## ...
#.......# .#.
#..........#.
................


You could see 2 water moccasins and an acid dragon (catching breath).


Message History

You take 15 damage, and now have 34/59 hp.
MASSIVE DAMAGE!! (PAUSE)
You closely miss the ice beast. Your headbutt misses the ice beast.
The ice beast hits you but does no damage.
You slash the ice beast!
You headbutt the ice beast, but do no damage.
The ice beast closely misses you. 😮 HP[+1]
You hit the ice beast.
The ice beast hits you but does no damage.
You slash the ice beast!
The ice beast hits you but does no damage.
You hit the ice beast but do no damage.
The ice beast hits you but does no damage.
The ice beast barely misses you.
You hit the ice beast but do no damage. The ice beast barely misses you.
You hit the ice beast.
You kill the ice beast!
Trog accepts your kill.
Your Axes skill increases to level 7! 😮 HP[+1]
Found a stone staircase leading up.
A sourceless malevolence fills the Dungeon...
You fall into a shaft and drop 3 floors!
The shaft crumbles and collapses.
Found an escape hatch in the floor.
A bullfrog comes into view. 😕 HP[+13]
You regained 13 hp, and now have 49/59 hp.
The bullfrog gives a loud, deep croak!
You hit the bullfrog.
The bullfrog hits you but does no damage.
You slash the bullfrog!
The bullfrog hits you but does no damage.
The bullfrog barely misses you. You furiously retaliate!
You headbutt the bullfrog. 😕 HP[+1]
You miss the bullfrog. You block the bullfrog's attack.
The bullfrog hits you but does no damage.
You barely miss the bullfrog.
The bullfrog hits you but does no damage.
The bullfrog barely misses you.
You slash the bullfrog!
You kill the bullfrog!
Trog accepts your kill.
You see here a bullfrog corpse. 😕 HP[+1]
An acid dragon comes into view.
The acid dragon roars!
You hear an angry hiss.
The acid dragon spits acid at you. The splash of acid hits you!
The acid corrodes you!
You hear a shout! 😕 HP[-5]
You take 5 damage, and now have 46/59 hp.
An acid dragon is nearby!
You hit the acid dragon. You headbutt the acid dragon.
The acid dragon bites you!
The acid dragon claws you but does no damage. 😮 HP[-10]
You take 10 damage, and now have 36/59 hp.
You hit the acid dragon but do no damage.
The acid dragon completely misses you. You furiously retaliate!
You headbutt the acid dragon. The acid dragon barely misses you.
You closely miss the acid dragon. The acid dragon spits acid at you.
The splash of acid hits you!
* * * LOW HITPOINT WARNING * * *
The acid corrodes you!
You hear an angry hiss. 😨 HP[-12]
You take 12 damage, and now have 24/59 hp.
MASSIVE DAMAGE!! (PAUSE)
You hit the acid dragon but do no damage.
A water moccasin comes into view.
The acid dragon bites you but does no damage.
You block the acid dragon's attack.
The water moccasin hisses angrily.
You hit the acid dragon. The acid dragon bites you.
* * * LOW HITPOINT WARNING * * *
The acid dragon claws you.
* * * LOW HITPOINT WARNING * * *
The water moccasin barely misses you. You furiously retaliate!
You headbutt the water moccasin. 😨 HP[-5]
You take 5 damage, and now have 19/59 hp.
You barely miss the acid dragon. You barely miss the water moccasin.
The acid dragon bites you but does no damage.
The acid dragon barely misses you. The water moccasin barely misses you.
A water moccasin comes into view.
The acid dragon bites you!
* * * LOW HITPOINT WARNING * * *
The acid dragon barely misses you. 😱 HP[-8]
You take 8 damage, and now have 11/59 hp.
You hit the acid dragon.
You hit the water moccasin but do no damage.
The water moccasin bites you but does no damage. x2
The acid dragon spits acid at you. The splash of acid hits you!
You die...

Skill      XL: |  1  2  3  4  5  6  7 |
---------------+----------------------+-----
Fighting       | 4 5 6 7 |  7.6
Axes           | 3 4 5 6 7 |  7.1
Armour         | 4 5 |  5.9
Shields        | |  3.6

Action                   |  1- 3 |  4- 6 |  7- 9 || total
-------------------------+-------+-------+-------++-------
Melee: War axe           |    86 |    85 |    57 ||   228
       Headbutt          |    11 |    11 |     5 ||    27
  Use: Potion            |     1 |     3 |       ||     4
       Scroll            |       |    13 |     2 ||    15
Armor: Scale mail        |    21 |       |       ||    21
       Chain mail        |    21 |    29 |    45 ||    95
Dodge: Dodged            |    28 |    27 |    26 ||    81
Block: Buckler           |    16 |    15 |     8 ||    39

Levels and vault maps discovered:
D:1:      mrwooster_arrival_statue_2, layout_basic
D:2:      layout_loops_ring, basic_altar
D:3:      layout_loops_cross, mainiacjoe_overflow_surrounded_room, fountainhead,
          chequers_garden, uniq_crazy_yiuf_cottage
D:4:      layout_rooms, mainiacjoe_overflow_concentric_impassable, minitemple,
          minmay_temple_entry_mini_moons, enter_ossuary_4, serial_forest,
          infiniplex_forest_clump_diagonal, infiniplex_forest_lined_3_way,
          infiniplex_forest_clump_C, infiniplex_forest_clump_tiny,
          infiniplex_forest_clump_diagonal, infiniplex_forest_lined_corner,
          infiniplex_forest_straight_4, infiniplex_forest_straight_3,
          infiniplex_forest_straight_1, infiniplex_forest_clump_medium,
          hangedman_decor_lopped, minmay_misc_feat_iff
D:5:      layout_basic, minmay_quadrilaterals, uniq_ijyb
D:8:      layout_cave_pools, mainiacjoe_overflow_boulevard,
          chequers_serial_rivers_micro_b, uniq_prince_ribbit1, uniq_erica

Notes
Turn   | Place    | Note
-------+----------+-------------------------------------------
     0 | D:1      | Sanktem7 the Minotaur Fighter began the quest for the Orb.
     0 | D:1      | Reached XP level 1. HP: 19/19 MP: 0/0
     0 | D:1      | magus.rc [v1.9.6]
    86 | D:1      | Reached skill level 4 in Fighting
    86 | D:1      | Reached XP level 2. HP: 27/27 MP: 1/1
   153 | D:1      | Reached skill level 3 in Axes
   525 | D:1      | Reached XP level 3. HP: 29/33 MP: 2/2
   650 | D:2      | Reached skill level 4 in Armour
   892 | D:2      | Found a shimmering blue altar of Sif Muna.
   988 | D:2      | HP: 6/34 [poisoned by a goblin]
  1583 | D:3      | Reached XP level 4. HP: 41/41 MP: 3/3
  1600 | D:3      | Reached skill level 4 in Axes
  1663 | D:3      | Found a bloodstained altar of Trog.
  1681 | D:3      | Became a worshipper of Trog the Wrathful
  1791 | D:3      | Reached skill level 5 in Fighting
  1959 | D:3      | Found a runed translucent door.
  1960 | D:3      | Noticed Crazy Yiuf
  2344 | D:3      | Killed Crazy Yiuf
  2345 | D:3      | Reached XP level 5. HP: 39/48 MP: 4/4
  2364 | D:3      | Gained mutation: You are weak. (Str -2) [potion of
                  | mutation]
  2364 | D:3      | Gained mutation: You are frail. (-10% HP) [potion of
                  | mutation]
  2645 | D:4      | Found a burning altar of Makhleb.
  2682 | D:4      | Found a sand-covered staircase.
  2694 | Ossuary  | Entered an ossuary
  2973 | Ossuary  | Noticed a flying skull
  2973 | Ossuary  | Noticed a wraith
  2985 | Ossuary  | Noticed a wraith
  2995 | Ossuary  | Killed a wraith
  2996 | Ossuary  | Reached skill level 6 in Fighting
  2996 | Ossuary  | Reached skill level 5 in Axes
  2996 | Ossuary  | Reached skill level 5 in Armour
  2996 | Ossuary  | Reached XP level 6. HP: 21/51 MP: 5/5
  3227 | Ossuary  | Noticed a flying skull
  3264 | Ossuary  | Noticed a wraith
  3272 | Ossuary  | Killed a wraith
  3273 | Ossuary  | Reached skill level 6 in Axes
  3273 | Ossuary  | Reached XP level 7. HP: 36/57 MP: 6/6
  3273 | Ossuary  | magus.rc [v1.9.6]
  3383 | Ossuary  | Noticed a flying skull
  3625 | D:4      | Found a white marble altar of Elyvilon.
  3737 | D:4      | Found a staircase to the Ecumenical Temple.
  3753 | D:4      | Reached * piety under Trog
  3911 | D:4      | Reached skill level 7 in Fighting
  3999 | D:4      | Found a shimmering blue altar of Sif Muna.
  4004 | D:4      | magus.rc [v1.9.6]
  4020 | D:5      | Entered Level 5 of the Dungeon
  4085 | D:5      | Reached skill level 7 in Axes
  4085 | D:5      | You fall into a shaft and drop 3 floors!
  4230 | D:8      | HP: 11/59 [acid dragon (9)]
  4231 | D:8      | Killed from afar by an acid dragon

Vanquished Creatures
  2 wraiths (Ossuary)
  An ice beast (D:5)
  A bullfrog (D:8)
  3 wights (Ossuary)
  Crazy Yiuf (D:3)
  2 hounds
  An iguana (D:3)
  4 gnolls (D:5)
  4 adders
  A worm (D:2)
  4 dart slugs
  3 orcs
  6 endoplasms
  3 giant cockroaches
  7 goblins
  6 hobgoblins
  6 kobolds
  4 quokkas
  8 ball pythons
  2 ball python skeletons (Ossuary)
  7 bats
  3 frilled lizards
  2 goblin zombies (D:4)
  3 hobgoblin zombies (Ossuary)
  A kobold zombie (Ossuary)
  2 orc skeletons (Ossuary)
  An orc zombie (Ossuary)
  3 rats (D:1)
91 creatures vanquished.

Vanquished Creatures (others)
  5 plants (D:4)
5 creatures vanquished.

Grand Total: 96 creatures vanquished

Table legend:
 A = Non-vault XP
 B = Vault XP
 C = Vault XP percentage of total XP
 D = Non-vault monster count
 E = Vault monster count
 F = Vault count percentage of total count
                 A         B        C        D         E       F
            +---------+---------+-------+---------+---------+-------
      Total |     564 |     691 |  55.1 |      74 |      17 |  18.7
            +---------+---------+-------+---------+---------+-------
        D:1 |      42 |       0 |   0.0 |      23 |       0 |   0.0
        D:2 |      42 |       0 |   0.0 |      17 |       0 |   0.0
        D:3 |      90 |      40 |  30.8 |      11 |       1 |   8.3
        D:4 |      74 |       2 |   2.6 |      16 |       2 |  11.1
        D:5 |     226 |       0 |   0.0 |       6 |       0 |   0.0
        D:8 |      90 |       0 |   0.0 |       1 |       0 |   0.0
    Ossuary |       0 |     649 | 100.0 |       0 |      14 | 100.0
            +---------+---------+-------+---------+---------+-------

Illustrated notes

Table legend:
 A = Kills in this place as a percentage of kills in entire the game.
 B = Kills by you in this place as a percentage of kills by you in the entire game.
 C = Kills by friends in this place as a percentage of kills by friends in the entire game.
 D = Other kills in this place as a percentage of other kills in the entire game.
 E = Experience gained in this place as a percentage of experience gained in the entire game.
 F = Experience gained in this place divided by the number of levels of this place that you have seen.
                   A       B       C       D       E      F
               +-------+-------+-------+-------+-------+----------------------
         Total | 100.0 | 100.0 |   N/A |   N/A | 100.0 | 179.3
       Dungeon |  84.6 |  84.6 |   N/A |   N/A |  48.3 | 101.0
       Ossuary |  15.4 |  15.4 |   N/A |   N/A |  51.7 | 649.0
               +-------+-------+-------+-------+-------+----------------------

Table legend: (Time is in decaauts)
 A = Elapsed time spent in this place.
 B = Non-inter-level travel time spent in this place.
 C = Inter-level travel time spent in this place.
 D = Time resting spent in this place.
 E = Time spent auto-exploring this place.
 F = Levels seen in this place.
 G = Mean time per level.
                   A        B        C        D        E       F      G
               +--------+--------+--------+--------+--------+-----+--------+
         Total |   4292 |   4125 |    167 |      0 |   3395 |   7 |  613.1 |
       Dungeon |   3517 |   3350 |    167 |      0 |   2778 |   6 |  586.2 |
       Ossuary |    775 |    775 |      0 |      0 |    617 |   1 |  775.0 |
               +--------+--------+--------+--------+--------+-----+--------+

Top non-repeatable levels by time:
     D:3: 1115 daAuts
     D:2: 884 daAuts
 Ossuary: 775 daAuts
     D:1: 665 daAuts
     D:4: 634 daAuts
     D:8: 147 daAuts
     D:5: 69 daAuts
